 Dungeon Crawl Stone Soup version 0.28-a0-1213-g0243856f03 (webtiles) character file.

Game seed: 2910417213243611601

217 Encipher the Poker (level 5, -9/41 HPs)
             Began as a Demonspawn Fighter on Dec 21, 2021.
             Mangled by an ogre (20 damage)
             ... on level 3 of the Dungeon.
             The game lasted 00:09:07 (3594 turns).

Encipher the Poker (Demonspawn Fighter)             Turns: 3594, Time: 00:09:07

Health: -9/41      AC: 12    Str: 18    XL:     5   Next: 62%
Magic:  5/5        EV:  5    Int: 11    God:
Gold:   178        SH:  5    Dex: 13    Spells: 4/4 levels left

rFire   . . .      SeeInvis .   a - +0 trident
rCold   . . .      Faith    .   c - +0 buckler
rNeg    . . .      Spirit   .   A - +0 plate armour
rPois   .          Reflect  .   l - +0 helmet
rElec   .          Harm     .   (no cloak)
rCorr   .          Rampage  .   (no gloves)
Will    .....                   (no boots)
Stlth   ..........              m - amulet of the acrobat
HPRegen 0.13/turn               (no ring)
MPRegen 0.18/turn               (no ring)

@: no status effects
A: ignite blood 1, magic regeneration, big brain 1
a: no special abilities


You were on level 3 of the Dungeon.
You visited 1 branch of the dungeon, and saw 4 of its levels.
You also visited: Sewer.

You collected 178 gold pieces.

Inventory:

Hand Weapons
 a - a +0 trident (weapon)
 h - a +0 dagger of protection
Missiles
 n - 6 poisoned darts (quivered)
 p - 2 boomerangs
Armour
 b - a +0 scale mail
 c - a +0 buckler (worn)
 l - a +0 helmet (worn)
 A - a +0 plate armour (worn)
Magical Staves
 g - a staff of poison
Jewellery
 i - a ring of fire
 m - an amulet of the acrobat (around neck)
Scrolls
 e - a scroll of teleportation
 j - a scroll of immolation
 k - a scroll of enchant weapon {unknown}
 o - a scroll of fear {unknown}
 q - a scroll of noise {unknown}
 s - a scroll of amnesia {unknown}
 u - 2 scrolls of brand weapon {unknown}
 v - a scroll of summoning {unknown}
 y - a scroll of blinking {unknown}
Potions
 d - 2 potions of might
 t - a potion of curing
 w - 2 potions of haste
 x - a potion of magic {unknown}
 z - a potion of flight {unknown}
 B - a potion of berserk rage {unknown}
 C - a potion of lignification {unknown}


   Skills:
 - Level 3.0 Fighting
 + Level 4.3 Polearms
 - Level 3.0 Armour
 - Level 4.0 Shields


You had 4 spell levels left.
You didn't know any spells.
Your spell library contained the following spells:

 Spells                   Type           Power      Damage    Failure   Level
 Ensorcelled Hibernation  Hex/Ice        0%         N/A       100%        2
 Gell's Gravitas          Tloc           0%         N/A       100%        3
 Teleport Other           Tloc           0%         N/A       100%        3
 Tukima's Dance           Hex            0%         N/A       100%        3
 Dispersal                Tloc           0%         N/A       100%        6


Dungeon Overview and Level Annotations

Branches:
Dungeon (4/15)              Sewer (visited)
 Temple: D:4-7

Altars:


Innate Abilities, Weirdness & Mutations

Your demonic aura sometimes causes spilled blood to erupt in flames.
You regenerate magic rapidly.
You have an unusually large brain. (Int +2)


Message History

The centaur skeleton hits you but does no damage.
You block the centaur skeleton's attack.
You climb upwards.
There is a stone staircase leading down here.
You see here a potion of degeneration.
You hit the goblin.
The goblin is severely wounded.
The goblin is engulfed in blazing flames.
You kill the goblin!
The ogre hits you with a +0 giant club.
Things that are here:
a +0 dagger; a goblin corpse Throw: 9 darts (poison)
Press: ? - help, Q - select action, (/) - cycle Shift-Dir - straight line, f - ogre
Aim: an ogre, wielding a +0 giant club (72% to hit)
You throw a poisoned dart. The poisoned dart hits the ogre.
Throw: 8 darts (poison)
Press: ? - help, Q - select action, (/) - cycle Shift-Dir - straight line, f/p - ogre
Aim: an ogre, wielding a +0 giant club (72% to hit)
You throw a poisoned dart. The poisoned dart hits the ogre.
The ogre is poisoned.
You barely miss the ogre. The ogre hits you but does no damage.
You hit the ogre.
The ogre is moderately wounded.
The ogre hits you with a +0 giant club.
You puncture the ogre!
The ogre is heavily wounded.
The ogre hits you with a +0 giant club!!
* * * LOW HITPOINT WARNING * * *
The ogre looks more healthy.
Throw: 7 darts (poison)
Press: ? - help, Q - select action, (/) - cycle Shift-Dir - straight line, f/p - ogre
Aim: an ogre, wielding a +0 giant club (severely wounded, 71% to hit)
You throw a poisoned dart. The poisoned dart hits the ogre.
The ogre is poisoned.
The ogre is severely wounded.
You hit the ogre.
The ogre is severely wounded.
The ogre hits you with a +0 giant club!!
You die...

##### ###### #...#
#....#####.#
##############.##.......#
................#.....#.#####
........)..................>#
###############...###....##)#
#############..# #<#..##.#
####.........# #@.# #.#..##.#
≈≈≈..........####O###.#..##(#
≈≈≈..........#....(...#..##.#
≈≈≈..........#.##...........#
####.........#.###.##.#####.#
##...........#.....##...# #.#
##...........#####..#.### #.#
##...........#####..#.# #.#
##....................# #.#


You could see an ogre (poisoned).

Vanquished Creatures
  Pargi (Sewer)
  4 gnolls (D:3)
  2 adders
  A dart slug (D:3)
  An orc (D:3)
  An endoplasm (D:1)
  3 giant cockroaches
  6 goblins
  3 hobgoblins
  9 quokkas (D:3)
  10 ball pythons
  8 bats (D:1)
  8 frilled lizards
  2 kobolds
  6 rats
65 creatures vanquished.

Notes
Turn   | Place    | Note
-------+----------+-------------------------------------------
     0 | D:1      | Encipher the Demonspawn Fighter began the quest for the
                  | Orb.
     0 | D:1      | Reached XP level 1. HP: 18/18 MP: 1/1
   271 | D:1      | Found a faded altar of an unknown god.
   275 | D:1      | Gained mutation: You have an unusually large brain. (Int
                  | +2) [demonic ancestry]
   275 | D:1      | Reached XP level 2. HP: 24/24 MP: 2/2
  1293 | D:2      | Gained mutation: Your demonic aura sometimes causes spilled
                  | blood to erupt in flames. [demonic ancestry]
  1293 | D:2      | Reached XP level 3. HP: 18/29 MP: 3/3
  2322 | D:3      | Found a glowing drain.
  2345 | Sewer    | Entered a sewer
  2396 | Sewer    | Gained mutation: You regenerate magic rapidly. [demonic
                  | ancestry]
  2396 | Sewer    | Reached XP level 4. HP: 35/35 MP: 4/4
  2398 | Sewer    | Noticed Pargi
  2424 | Sewer    | Killed Pargi
  2425 | Sewer    | Reached XP level 5. HP: 6/41 MP: 5/5
  3552 | D:4      | Noticed an ogre
  3594 | D:3      | Mangled by an ogre

Illustrated notes

Levels and vault maps discovered:
D:1:      psy_arrival_basics, layout_basic,
          hellmonk_ecumenical_altar_pennies_from_heaven, minmay_heptomino_w4
D:2:      layout_loops_corners, serial_glass, glass_columns_a, glass_columns_a,
          due_unseen_surprise, minmay_strange_pillars, feat_on_display,
          item_on_display_b, minmay_door_square, kennysheep_doodads,
          mrwooster_statue_mirror
D:3:      layout_basic, portal_sewer_entry_f
D:4:      layout_loops_ring, nicolae_shop_sticking_my_neck_out

Skill      XL: |  1  2  3  4  5 |
---------------+----------------+-----
Polearms       | 2 3 4 |  4.3
Armour         | 3 |  3.0
Shields        | 3 4 |  4.0
Fighting       | |  3.0

Action                   |  1- 3 |  4- 6 || total
-------------------------+-------+-------++-------
Melee: Trident           |   138 |    96 ||   234
Throw: Dart              |       |     3 ||     3
  Use: Scroll            |       |     5 ||     5
Armor: Scale mail        |    49 |    36 ||    85
       Plate armour      |       |    10 ||    10
Dodge: Dodged            |    60 |    56 ||   116
Block: Buckler           |    27 |    26 ||    53

Table legend: (Time is in decaauts)
 A = Elapsed time spent in this place.
 B = Non-inter-level travel time spent in this place.
 C = Inter-level travel time spent in this place.
 D = Time resting spent in this place.
 E = Time spent auto-exploring this place.
 F = Levels seen in this place.
 G = Mean time per level.
                   A        B        C        D        E       F      G
               +--------+--------+--------+--------+--------+-----+--------+
         Total |   3686 |   3502 |    184 |    893 |   1890 |   5 |  737.2 |
       Dungeon |   3176 |   2992 |    184 |    631 |   1808 |   4 |  794.0 |
         Sewer |    510 |    510 |      0 |    262 |     81 |   1 |  510.0 |
               +--------+--------+--------+--------+--------+-----+--------+

Top non-repeatable levels by time:
     D:2: 1551 daAuts
     D:3: 981 daAuts
     D:1: 638 daAuts
   Sewer: 510 daAuts
     D:4: 5 daAuts
